 Dungeon Crawl Stone Soup version 0.24.1 (webtiles) character file.

Game seed: 15298188195424876539, levelgen mode: deterministic

675 Curus the Grappler (level 7, -1/66 HPs)
             Began as a Troll Monk on Mar 27, 2020.
             Slain by a killer bee (3 damage)
             ... on level 4 of the Dungeon.
             The game lasted 00:19:15 (2936 turns).

Curus the Grappler (Troll Monk)                     Turns: 2936, Time: 00:19:15

Health: -1/66      AC:  8    Str: 20    XL:     7   Next: 33%
Magic:  0/6        EV: 10    Int:  7    God:
Gold:   184        SH:  0    Dex: 13    Spells: 6/6 levels left

rFire    . . .     SeeInvis +     - Unarmed
rCold    . . .     Gourm    +   (no shield)
rNeg     . . .     Faith    .   a - +0 robe
rPois    .         Spirit   +   (helmet restricted)
rElec    .         Reflect  .   g - +1 cloak
rCorr    .         Harm     .   (gloves unavailable)
MR       .....                  (boots unavailable)
Stlth    ++........             e - amulet of guardian spirit
HPRegen  0.61/turn              d - ring of see invisible
MPRegen  0.10/turn              (no ring)

@: lethally poisoned (-1 -> -6)
A: large, unfitting armour, claws 3, fast metabolism 3, gourmand, regeneration
1, shaggy fur 1, tough skin 3
a: no special abilities


You were on level 4 of the Dungeon.
You were very full.

You visited 1 branch of the dungeon, and saw 5 of its levels.
You also visited: Sewer.

You collected 184 gold pieces.

Inventory:

Armour
 a - a +0 robe (worn)
 g - a +1 cloak (worn)
Jewellery
 d - a ring of see invisible (left claw)
 e - an amulet of guardian spirit (around neck)
Wands
 f - a wand of iceblast (7)
Scrolls
 i - 2 scrolls of identify
 l - 2 scrolls of enchant weapon
 m - a scroll of fear
Potions
 c - 2 potions of curing
 h - a potion of ambrosia
Comestibles
 b - 9 rations
 j - a chunk of flesh


   Skills:
 - Level 2.4 Fighting
 - Level 2.4 Dodging
 - Level 1.0 Stealth
 + Level 8.6 Unarmed Combat


You had 6 spell levels left.
You didn't know any spells.
Your spell library was empty.

Dungeon Overview and Level Annotations

Branches:
Dungeon (5/15)              Sewer (visited)
 Temple: D:4-7

Altars:
Ashenzari


Innate Abilities, Weirdness & Mutations

You are too large for most types of armour.
You have claws for hands.
Your metabolism is lightning-fast.
You like to eat raw meat.
Your natural rate of healing is unusually fast.
You are covered in fur. (AC +1)
You have extremely tough skin. (AC +3)


Message History

There is a stone staircase leading up here.
You feel sick. The killer bee stings you!
* * * LOW HITPOINT WARNING * * *
You are lethally poisoned!
The killer bee poisons you! The killer bee barely misses you.
The killer bee closely misses you.
The killer bee stings you but does no damage.
The killer bee stings you.
* * * LOW HITPOINT WARNING * * *
The killer bee misses you.
You climb upwards.
* * * LOW HITPOINT WARNING * * *
You feel sick.
There is a stone staircase leading down here.
You barely miss the killer bee.
The killer bee is lightly wounded.
* * * LOW HITPOINT WARNING * * *
You feel sick. The killer bee barely misses you.
The killer bee closely misses you. The killer bee stings you.
You die...

#############
#......##...##
#........(...##
####.............#
...............yy#
####...........y@#
####..........>y##
..........##...##
####......######
#.....####
##.....# #...####
...## .###


You could see 4 killer bees.

Vanquished Creatures
  Sigmund (D:4)
  Purgy (Sewer)
  2 crimson imps (D:5)
  An orc priest (D:4)
  A hound (D:4)
  A bullfrog skeleton (D:5)
  2 orc wizards
  A worker ant (D:4)
  6 adders
  2 oozes (D:1)
  A dart slug (D:3)
  3 leopard geckos
  7 orcs
  2 ball pythons
  11 bats
  3 giant cockroaches
  8 goblins
  11 hobgoblins
  14 jackals
  16 kobolds
  2 quokkas (D:2)
  6 frilled lizards
  17 rats
119 creatures vanquished.

Notes
Turn   | Place    | Note
-------+----------+-------------------------------------------
     0 | D:1      | Curus the Troll Monk began the quest for the Orb.
     0 | D:1      | Reached XP level 1. HP: 22/22 MP: 0/0
    34 | D:1      | Reached XP level 2. HP: 29/29 MP: 1/1
   208 | D:1      | Reached skill level 4 in Unarmed Combat
   221 | D:1      | Reached XP level 3. HP: 36/36 MP: 2/2
  1042 | D:2      | Reached XP level 4. HP: 38/44 MP: 3/3
  1154 | D:2      | Reached skill level 5 in Unarmed Combat
  1933 | D:3      | Found a shattered altar of Ashenzari.
  2181 | D:4      | Reached XP level 5. HP: 41/50 MP: 2/4
  2221 | D:4      | Reached skill level 6 in Unarmed Combat
  2379 | D:4      | Noticed Sigmund
  2410 | D:4      | Killed Sigmund
  2410 | D:4      | Reached skill level 7 in Unarmed Combat
  2410 | D:4      | Reached XP level 6. HP: 41/59 MP: 2/5
  2694 | D:4      | Found a glowing drain.
  2709 | Sewer    | Entered a sewer
  2757 | Sewer    | Noticed Purgy
  2763 | Sewer    | Killed Purgy
  2763 | Sewer    | Reached skill level 8 in Unarmed Combat
  2763 | Sewer    | Reached XP level 7. HP: 66/66 MP: 6/6
  2868 | D:5      | Entered Level 5 of the Dungeon
  2935 | D:4      | HP: 3/66 [poisoned by a killer bee]
  2936 | D:4      | Slain by a killer bee

Levels and vault maps discovered:
D:1:      dpeg_arrival_simpleton_a, layout_basic, minmay_cupped
D:2:      layout_basic, minmay_joined_circles
D:3:      minmay_skewed_foursquare, layout_basic, marbit_many_paths
D:4:      layout_rooms, portal_sewer_entry_d, uniq_sigmund
D:5:      layout_rooms, overflow_temple_1_default, first_ration

Skill      XL: |  1  2  3  4  5  6 |
---------------+-------------------+-----
Unarmed Combat | 4 5 7 8 |  8.6
Fighting       | |  2.4
Dodging        | |  2.4
Stealth        | |  1.0

Action                   |  1- 3 |  4- 6 |  7- 9 || total
-------------------------+-------+-------+-------++-------
Melee: Unarmed           |   139 |   127 |    24 ||   290
       Punch             |       |     2 |     1 ||     3
  Use: Potion            |     2 |     2 |     1 ||     5
       Scroll            |     2 |     6 |       ||     8
 Stab: Sleeping          |     1 |     5 |       ||     6
  Eat: Chunk             |    14 |    17 |     1 ||    32
Armor: Robe              |    70 |    42 |    10 ||   122
Dodge: Dodged            |    76 |    56 |    30 ||   162
